 Dungeon Crawl Stone Soup version 0.21.1-1-g345015fe64 (webtiles) character file.

476 miso the Cudgeler (level 7, -1/44 HPs)
             Began as a Gargoyle Fighter on May 10, 2018.
             Was a Follower of Zin.
             Slain by Edmund
             ... wielding a +2 dire flail of draining
              (7 damage)
             ... on level 5 of the Dungeon.
             The game lasted 00:16:45 (4055 turns).

miso the Cudgeler (Gargoyle Fighter)                Turns: 4055, Time: 00:16:46

Health: -1/44      AC: 13    Str: 19    XL:     7   Next: 10%
Magic:  7/7        EV:  7    Int:  9    God:    Zin [*.....]
Gold:   75         SH: 10    Dex: 17    Spells: 6/6 levels left

rFire    + . .     SeeInvis +   a - +0 flail
rCold    + . .     Gourm    .   c - +0 shield
rNeg     + . .     Faith    .   b - +0 scale mail
rPois    ∞         Spirit   .   n - +0 helmet
rElec    +         Reflect  .   q - scarf {rC+ rF+}
rCorr    .         Harm     .   (no gloves)
MR       .....                  (no boots)
Stlth    ..........             (no amulet)
HPRegen  0.14/turn              p - ring of see invisible
MPRegen  0.10/turn              g - +6 ring of dexterity

@: no status effects
A: negative energy resistance 1, electricity resistance, unbreathing,
petrification resistance, rot immunity, AC +4
a: Recite, Donate Gold, Renounce Religion


You were on level 5 of the Dungeon.
You worshipped Zin.
Zin was aware of your devotion.
You were not hungry.

You visited 1 branch of the dungeon, and saw 5 of its levels.

You collected 118 gold pieces.
You donated 43 gold pieces to Zin.

Inventory:

Hand Weapons
 a - a +0 flail (weapon)
Armour
 b - a +0 scale mail (worn)
 c - a +0 shield (worn)
 n - a +0 helmet (worn)
 q - a scarf of resistance (worn)
 s - the cursed +1 robe of Hide-and-Seek {rF+ Str+3 Int+3, unknown}
   (You found it on level 4 of the Dungeon)

   It affects your strength (+3).
   It affects your intelligence (+3).
   It protects you from fire.
   It has a curse placed upon it.
Jewellery
 g - a +6 ring of dexterity (right hand)
 p - a ring of see invisible (left hand)
Wands
 o - a wand of random effects (33)
Scrolls
 e - 4 scrolls of teleportation
 i - a scroll of remove curse
 k - a scroll of random uselessness {unknown}
 l - a scroll of enchant weapon {unknown}
 m - a scroll of identify {unknown}
Potions
 d - a potion of might
 r - a potion of flight
Comestibles
 f - 4 rations


   Skills:
 + Level 4.5 Fighting
 + Level 5.2 Maces & Flails
 + Level 4.5 Armour
 - Level 0.8 Stealth
 + Level 4.7 Shields


You had 6 spell levels left.
You didn't know any spells.

Dungeon Overview and Level Annotations

Branches:
Dungeon (5/15)
 Temple: D:4-7

Altars:
Yredelemnul
Zin

Annotations:
D:4 Tegun's ghost, amateur DsFi
D:5 Edmund


Innate Abilities, Weirdness & Mutations

You are resistant to torment.
Your stone body is resilient. (AC +4)
You are immune to poison.
You resist negative energy. (rN+)
You are resistant to electric shocks. (rElec)
You can survive without breathing.
You are immune to petrification.
You are immune to rotting.


Message History

Edmund hits you but does no damage. Tegun's ghost hits you!
You hit Edmund.
Edmund is severely wounded.
The centaur skeleton hits you but does no damage.
Tegun's ghost hits you but does no damage.
Edmund hits you with a dire flail of draining.
* * * LOW HITPOINT WARNING * * *
You block the centaur skeleton's attack.
Tegun's ghost hits you.
* * * LOW HITPOINT WARNING * * *
The centaur skeleton barely misses you. You block Edmund's attack.
You climb downwards.
There is a stone staircase leading up here.
You hit Edmund but do no damage.
Edmund is severely wounded.
You block Edmund's attack.
You barely miss Edmund.
Edmund is severely wounded.
Edmund hits you with a dire flail of draining!
You die...

.......
.......
.......
.......
.......###
........<####
......#.....#
..... ####@##
.... #@.# ...
#...# ..
#...# . ...##
#...# #####


You could see Edmund.

Vanquished Creatures
  Sigmund (D:2)
  The ghost of Antonio2000 the Cudgeler, an amateur GrMo of Trog (D:3)
  An orc priest (D:3)
  Natasha (twice) (D:2)
  Robin (D:2)
  2 adders
  3 gnolls
  A worm (D:2)
  3 dart slugs
  A leopard gecko (D:3)
  12 orcs (D:3)
  3 ball pythons
  12 hobgoblins
  A quokka (D:3)
  8 bats
  2 frilled lizards (D:1)
  14 goblins
  13 kobolds
  9 rats
90 creatures vanquished.

Notes
Turn   | Place    | Note
-------+----------+-------------------------------------------
     0 | D:1      | miso the Gargoyle Fighter began the quest for the Orb.
     0 | D:1      | Reached XP level 1. HP: 14/14 MP: 1/1
   201 | D:1      | Reached XP level 2. HP: 13/19 MP: 2/2
   562 | D:1      | Reached XP level 3. HP: 20/24 MP: 3/3
  1004 | D:2      | Noticed Natasha
  1006 | D:2      | Noticed Sigmund
  1019 | D:2      | HP: 1/24 [Natasha/magic dart (7)]
  1345 | D:2      | Reached XP level 4. HP: 15/29 MP: 4/4
  1789 | D:2      | Reached skill level 3 in Maces & Flails
  1801 | D:2      | Noticed Robin
  1966 | D:2      | Killed Robin
  1980 | D:2      | Found a glowing silver altar of Zin.
  1986 | D:2      | Became a worshipper of Zin the Law-Giver
  2036 | D:2      | Found a basalt altar of Yredelemnul.
  2098 | D:2      | HP: 1/43 [Sigmund/magic dart (3)]
  2100 | D:2      | Killed Sigmund
  2100 | D:2      | Reached skill level 4 in Maces & Flails
  2100 | D:2      | Reached XP level 5. HP: 1/33 MP: 5/5
  2100 | D:2      | Reached XP level 6. HP: 1/38 MP: 6/6
  2418 | D:2      | Killed Natasha
  2430 | D:2      | Noticed Natasha
  2443 | D:2      | Killed Natasha
  2609 | D:2      | Donated 32 gold pieces to Zin
  3033 | D:3      | Reached skill level 5 in Maces & Flails
  3153 | D:3      | Noticed Antonio2000's ghost (amateur GrMo)
  3187 | D:3      | Killed Antonio2000's ghost
  3187 | D:3      | Reached XP level 7. HP: 22/44 MP: 7/7
  3306 | D:3      | Reached * piety under Zin
  3704 | D:4      | Got an ichor-stained robe
  3707 | D:4      | Noticed Tegun's ghost (amateur DsFi)
  3712 | D:4      | Noticed Edmund
  3737 | D:5      | Entered Level 5 of the Dungeon
  4055 | D:5      | Slain by Edmund

Skill      XL: |  1  2  3  4  5  6 |
---------------+-------------------+-----
Fighting       | 4 |  4.5
Maces & Flails | 4 5 |  5.2
Shields        | 4 |  4.7
Armour         | 4 |  4.5
Stealth        | |  0.8

Action                   |  1- 3 |  4- 6 |  7- 9 || total
-------------------------+-------+-------+-------++-------
Melee: Flail             |   127 |   197 |    54 ||   378
Invok: Donate Gold       |       |     1 |       ||     1
  Use: Potion            |       |     3 |     1 ||     4
       Scroll            |       |       |     3 ||     3
  Eat: Ration            |     1 |     1 |     1 ||     3
       Chunk             |       |     1 |     1 ||     2
Armor: Scale mail        |    54 |   124 |    44 ||   222
       Skin              |       |     4 |       ||     4
Dodge: Dodged            |    27 |    61 |    25 ||   113
Block: Shield            |    50 |    94 |    47 ||   191
